AoeStats
← PiroTrix

Arabia

510469927Analyzed
1v1 RM · 12h ago on Oct 1, 2026· 85m 27s· 2 players
Game mode
Random Map
Map size
Tiny (2 player)
Population
200
Speed
Normal
Resources
Standard
Victory
Conquest
Starting age
Dark Age
Ending age
Imperial Age
RankedLock teamsTeams togetherTeam positionsShared explorationLock speedFull tech treeHidden civsTurbo modeCheats
Victory
Defeat
🇦🇷 Aztecs · Argentina
599
+16
🇨🇱 Franks · Chile
607
-16
Jabali Loco
4:52 Loom
11:32 Feudal Age
13:09 Wheelbarrow
16:33 Castle Age
18:55 Fletching
22:02 Town Watch
26:36 Eagle Warrior
28:32 Gold Mining
29:34 Scale Mail Armor
29:45 Forging
29:15 Pikeman
31:49 Double-Bit Axe
31:49 Horse Collar
34:22 Hand Cart
34:08 Bodkin Arrow
37:03 Bow Saw
41:52 Imperial Age
39:53 Stone Mining
43:05 Conscription
43:06 Garland Wars
43:04 Squires
43:28 Chain Mail Armor
45:38 Ballistics
50:24 Heavy Plow
52:06 Crop Rotation
52:26 Elite Eagle Warrior
53:35 Arson
54:25 Plate Mail Armor
57:55 Fervor
57:46 Atonement
57:46 Devotion
58:07 Sanctity
58:23 Theocracy
58:14 Illumination
58:05 Block Printing
57:46 Herbal Medicine
58:13 Heresy
58:17 Bracer
58:53 Iron Casting
66:01 Blast Furnace
66:31 Elite Jaguar Warrior
67:12 Atlatl
76:13 Chemistry
74:56 Treadmill Crane
75:23 Siege Engineers
75:06 Arrowslits
PiroTrix
11:01 Feudal Age
11:32 Double-Bit Axe
12:16 Man-at-Arms
17:33 Fletching
17:45 Padded Archer Armor
22:47 Castle Age
24:30 Bow Saw
25:31 Wheelbarrow
25:19 Town Watch
25:34 Gold Mining
25:35 Stone Mining
26:02 Forging
29:53 Town Watch
32:26 Leather Archer Armor
32:32 Scale Barding Armor
36:31 Chain Barding Armor
37:15 Hand Cart
37:45 Iron Casting
37:06 Bodkin Arrow
41:42 Imperial Age
40:24 Gold Shaft Mining
42:02 Ballistics
42:37 Town Patrol
42:22 Loom
42:46 Husbandry
47:04 Cavalier
50:41 Blast Furnace
50:16 Plate Barding Armor
50:57 Pikeman
51:37 Squires
55:49 Scale Mail Armor
60:44 Chain Mail Armor
60:32 Paladin
65:19 Plate Mail Armor
74:09 Halberdier
Connection lost

Rejoining the realm…

Still unreachable

The connection could not be restored.

Session expired

The server has moved on; the page needs a fresh start.